BSA
KANSAS CITY KINGS @ KALAMAZOO ROYALE WITH CHEESE
07/07/2028
 
TOP OF THE 1ST
Kansas City Kings batting - Pitching for Kalamazoo Royale with Cheese : LHP Octávio Ramírez
Pitching: LHP Octávio Ramírez
Batting: RHB Chris Chandler 0-0: Ball
1-0: Called Strike
1-1: Ball
2-1: SINGLE (Groundball, 56D)
Batting: SHB Douglas Taylor 0-0: Fly out, F8 (Flyball, 89M)
Batting: SHB José Cruz 0-0: Called Strike
0-1: Ball
1-1: Called Strike
1-2: Ball
2-2: Fly out, F8 (Flyball, 78M)
Batting: RHB Toshimichi Kono 0-0: Called Strike
0-1: Foul Ball, location: 2F
0-2: Foul Ball, location: 2F
0-2: Foul Ball, location: 2F
0-2: Ball
1-2: SINGLE (Line Drive, 56)
Chris Chandler to second
Batting: SHB António De La Cruz 0-0: Called Strike
0-1: Ball
1-1: Ball
2-1: Foul Ball, location: 2F
2-2: SINGLE (Line Drive, 34D)
Chris Chandler to third
Toshimichi Kono to second
Runner from 3rd tries for Home, throw and OUT!
Top of the 1st over - 0 run(s), 3 hit(s), 0 error(s), 2 left on base; Kansas City 0 - Kalamazoo 0
BOTTOM OF THE 1ST
Kalamazoo Royale with Cheese batting - Pitching for Kansas City Kings : RHP Ron Young
Pitching: RHP Ron Young
Batting: LHB Tom Blake 0-0: Ball
1-0: Swinging Strike
1-1: Swinging Strike
1-2: Strikes out looking
Batting: LHB Doyle Otterburn 0-0: Ground out 1-3 (Groundball, 15S)
Batting: RHB Andy Aiton 0-0: Ball
1-0: Foul Ball, location: 2F
1-1: Ball
2-1: SINGLE (Groundball, 4MD)
Batting: LHB Donovan Bird 0-0: Ball
1-0: Called Strike
1-1: Called Strike
1-2: Strikes out swinging
Bottom of the 1st over - 0 run(s), 1 hit(s), 0 error(s), 1 left on base; Kansas City 0 - Kalamazoo 0
TOP OF THE 2ND
Kansas City Kings batting - Pitching for Kalamazoo Royale with Cheese : LHP Octávio Ramírez
Batting: RHB Dave Parker 0-0: Called Strike
0-1: Ball
1-1: Ball
2-1: Called Strike
2-2: Strikes out swinging
Batting: LHB Luis González 0-0: Called Strike
0-1: Ball
1-1: Foul Ball, location: 2F
1-2: Foul Ball, location: 2F
1-2: Foul Ball, location: 2F
1-2: Fly out, F8 (Flyball, 8LM)
Batting: LHB Ron Crawford 0-0: Ground out 4-3 (Groundball, 4)
Top of the 2nd over - 0 run(s), 0 hit(s), 0 error(s), 0 left on base; Kansas City 0 - Kalamazoo 0
BOTTOM OF THE 2ND
Kalamazoo Royale with Cheese batting - Pitching for Kansas City Kings : RHP Ron Young
Batting: LHB Roberto Sandoval 0-0: Ball
1-0: Called Strike
1-1: Foul Ball, location: 2F
1-2: Strikes out looking
Batting: LHB Greg Schultz 0-0: Ball
1-0: Ball
2-0: Ball
3-0: Base on Balls
Batting: LHB Bill McJannett 0-0: Called Strike
0-1: Foul Ball, location: 2F
0-2: Ground out U3 (Groundball, 34S)
Greg Schultz to second
Batting: RHB Jorge Márquez 0-0: Ball
1-0: Ball
2-0: Ball
3-0: Called Strike
3-1: Base on Balls
Batting: SHB Jack Fountain 0-0: Ball
1-0: Foul Ball, location: 2F
1-1: Fielders Choice at 2nd, 5-4 (Groundball, 5)
Bottom of the 2nd over - 0 run(s), 0 hit(s), 0 error(s), 1 left on base; Kansas City 0 - Kalamazoo 0
TOP OF THE 3RD
Kansas City Kings batting - Pitching for Kalamazoo Royale with Cheese : LHP Octávio Ramírez
Batting: RHB Oliver Lugo 0-0: Called Strike
0-1: Ball
1-1: Swinging Strike
1-2: Ball
2-2: Strikes out swinging
Batting: RHB Chris Chandler 0-0: Called Strike
0-1: Called Strike
0-2: Foul Ball, location: 2F
0-2: Ball
1-2: SINGLE (Line Drive, 6D)
Batting: SHB Douglas Taylor 0-0: Called Strike
0-1: Reached on error, E5 (Groundball, 5S)
Chris Chandler to third
Batting: SHB José Cruz 0-0: SINGLE (Groundball, 34D)
Chris Chandler scores
Douglas Taylor to third
Runner from 3rd tries for Home, SAFE, no throw
Batting: RHB Toshimichi Kono 0-0: Ball
1-0: Foul Ball, location: 2F
1-1: 2-RUN HOME RUN (Flyball, 78XD), Distance : 435 ft
Batting: SHB António De La Cruz 0-0: Ball
1-0: Ball
2-0: Ball
3-0: Called Strike
3-1: Called Strike
3-2: SINGLE (Groundball, 6D)
Batting: RHB Dave Parker 0-0: Called Strike
0-1: Swinging Strike
0-2: Strikes out swinging
Batting: LHB Luis González 0-0: Ball
1-0: Ball
2-0: Called Strike
2-1: SINGLE (Flyball, 8LS)
António De La Cruz to second
Batting: LHB Ron Crawford 0-0: Fly out, F7 (Flyball, 78S)
Top of the 3rd over - 4 run(s), 5 hit(s), 1 error(s), 2 left on base; Kansas City 4 - Kalamazoo 0
BOTTOM OF THE 3RD
Kalamazoo Royale with Cheese batting - Pitching for Kansas City Kings : RHP Ron Young
Batting: LHB Tom Blake 0-0: Called Strike
0-1: Ball
1-1: Foul Ball, location: 2F
1-2: Fly out, F6 (Popup, 6D)
Batting: LHB Doyle Otterburn 0-0: Foul Ball, location: 2F
0-1: Ground out 4-3 (Groundball, 4)
Batting: RHB Andy Aiton 0-0: Ball
1-0: Ball
2-0: SINGLE (Line Drive, 7LS)
Batting: LHB Donovan Bird 0-0: Ball
1-0: Foul Ball, location: 2F
1-1: Ball
2-1: Fly out, F4 (Popup, 34D)
Bottom of the 3rd over - 0 run(s), 1 hit(s), 0 error(s), 1 left on base; Kansas City 4 - Kalamazoo 0
TOP OF THE 4TH
Kansas City Kings batting - Pitching for Kalamazoo Royale with Cheese : LHP Octávio Ramírez
Batting: RHB Oliver Lugo 0-0: Swinging Strike
0-1: Foul Ball, location: 2F
0-2: Strikes out swinging
Batting: RHB Chris Chandler 0-0: Ball
1-0: Ball
2-0: Ball
3-0: Called Strike
3-1: Called Strike
3-2: Foul Ball, location: 2F
3-2: Fly out, F7 (Flyball, 7)
Batting: SHB Douglas Taylor 0-0: Called Strike
0-1: Ground out 6-3 (Groundball, 6)
Top of the 4th over - 0 run(s), 0 hit(s), 0 error(s), 0 left on base; Kansas City 4 - Kalamazoo 0
BOTTOM OF THE 4TH
Kalamazoo Royale with Cheese batting - Pitching for Kansas City Kings : RHP Ron Young
Batting: LHB Roberto Sandoval 0-0: Swinging Strike
0-1: Ground out 3-1 (Groundball, 34)
Batting: LHB Greg Schultz 0-0: Ball
1-0: Ball
2-0: Ball
3-0: Base on Balls
Batting: LHB Bill McJannett 0-0: Ball
1-0: Ball
2-0: Ball
3-0: Base on Balls
Greg Schultz to second
Batting: RHB Jorge Márquez 0-0: Fielders Choice at 2nd, 4-6 (Groundball, 34)
Greg Schultz to third
Batting: SHB Jack Fountain 0-0: Called Strike
0-1: Ball
1-1: Ground out U3 (Groundball, 3S)
Bottom of the 4th over - 0 run(s), 0 hit(s), 0 error(s), 2 left on base; Kansas City 4 - Kalamazoo 0
TOP OF THE 5TH
Kansas City Kings batting - Pitching for Kalamazoo Royale with Cheese : LHP Octávio Ramírez
Batting: SHB José Cruz 0-0: Called Strike
0-1: SINGLE (Flyball, 9LS)
Batting: RHB Toshimichi Kono 0-0: Foul Ball, location: 2F
0-1: Ball
1-1: Foul Ball, location: 2F
1-2: Ball
2-2: Foul Ball, location: 2F
2-2: Reached on error, E6 (Groundball, 6S)
José Cruz to second
Batting: SHB António De La Cruz 0-0: Grounds into double play, 6-4-3 (Groundball, 6)
José Cruz to third
Batting: RHB Dave Parker 0-0: Ball
Wild Pitch!
José Cruz scores
1-0: Fly out, F7 (Flyball, 78XD)
Top of the 5th over - 1 run(s), 1 hit(s), 1 error(s), 0 left on base; Kansas City 5 - Kalamazoo 0
BOTTOM OF THE 5TH
Kalamazoo Royale with Cheese batting - Pitching for Kansas City Kings : RHP Ron Young
Batting: LHB Tom Blake 0-0: Called Strike
0-1: TRIPLE (Flyball, 7LD)
Batting: LHB Doyle Otterburn 0-0: Ball
1-0: Ball
2-0: Ball
3-0: Called Strike
3-1: Base on Balls
Batting: RHB Andy Aiton 0-0: Called Strike
0-1: Foul Ball, location: 2F
0-2: Strikes out swinging
Batting: LHB Donovan Bird 0-0: Ball
1-0: Fly out, F9 (Flyball, 89S)
Batting: LHB Roberto Sandoval 0-0: Swinging Strike
0-1: Swinging Strike
0-2: Ball
1-2: Fly out, F8 (Line Drive, 89D)
Bottom of the 5th over - 0 run(s), 1 hit(s), 0 error(s), 2 left on base; Kansas City 5 - Kalamazoo 0
TOP OF THE 6TH
Kansas City Kings batting - Pitching for Kalamazoo Royale with Cheese : LHP Octávio Ramírez
Batting: LHB Luis González 0-0: Foul Ball, location: 2F
0-1: Ball
1-1: Ground out 3-1 (Groundball, 34)
Batting: LHB Ron Crawford 0-0: Swinging Strike
0-1: Foul Ball, location: 2F
0-2: Fly out, F6 (Line Drive, 6)
Batting: RHB Oliver Lugo 0-0: Called Strike
0-1: Ball
1-1: Called Strike
1-2: Ball
2-2: Strikes out swinging
Top of the 6th over - 0 run(s), 0 hit(s), 0 error(s), 0 left on base; Kansas City 5 - Kalamazoo 0
BOTTOM OF THE 6TH
Kalamazoo Royale with Cheese batting - Pitching for Kansas City Kings : RHP Ron Young
Batting: LHB Greg Schultz 0-0: Called Strike
0-1: Foul Ball, location: 2F
0-2: Strikes out swinging
Batting: LHB Bill McJannett 0-0: Ground out 3-1 (Groundball, 34S)
Batting: RHB Jorge Márquez 0-0: Ball
1-0: Ground out 5-3 (Groundball, 56)
Bottom of the 6th over - 0 run(s), 0 hit(s), 0 error(s), 0 left on base; Kansas City 5 - Kalamazoo 0
TOP OF THE 7TH
Kansas City Kings batting - Pitching for Kalamazoo Royale with Cheese : LHP Octávio Ramírez
Pitching: LHP Terry Klassen
Batting: RHB Chris Chandler 0-0: Called Strike
0-1: Ball
1-1: Called Strike
1-2: Strikes out swinging
Batting: SHB Douglas Taylor 0-0: Ball
1-0: Called Strike
1-1: Ball
2-1: Ball
3-1: Foul Ball, location: 2F
3-2: Base on Balls
Batting: SHB José Cruz 0-0: Called Strike
0-1: Foul Ball, location: 2F
0-2: Ball
1-2: Strikes out swinging
Douglas Taylor steals 2nd base
Batter strikes out.
Batting: RHB Toshimichi Kono 0-0: Ball
1-0: Fly out, F5 (Popup, 5L)
Top of the 7th over - 0 run(s), 0 hit(s), 0 error(s), 1 left on base; Kansas City 5 - Kalamazoo 0
BOTTOM OF THE 7TH
Kalamazoo Royale with Cheese batting - Pitching for Kansas City Kings : RHP Ron Young
Batting: SHB Jack Fountain 0-0: Ball
1-0: Called Strike
1-1: Swinging Strike
1-2: SINGLE (Groundball, 34D)
Batting: LHB Tom Blake 0-0: Called Strike
0-1: Foul Ball, location: 2F
0-2: Strikes out swinging
Batting: LHB Doyle Otterburn 0-0: Ball
1-0: Ground out 4-3 (Groundball, 4)
Jack Fountain to second
Batting: RHB Andy Aiton 0-0: Called Strike
0-1: Ball
1-1: Swinging Strike
1-2: Ball
2-2: SINGLE (Flyball, 89S)
Jack Fountain to third
Runner from 3rd tries for Home, SAFE, throw made home
Andy Aiton to second
Pitching: LHP Ignacio Colón
Batting: LHB Donovan Bird 0-0: Ball
1-0: Called Strike
1-1: Ground out 4-3 (Groundball, 34)
Bottom of the 7th over - 1 run(s), 2 hit(s), 0 error(s), 1 left on base; Kansas City 5 - Kalamazoo 1
TOP OF THE 8TH
Kansas City Kings batting - Pitching for Kalamazoo Royale with Cheese : LHP Terry Klassen
Batting: SHB António De La Cruz 0-0: Called Strike
0-1: Fly out, F8 (Flyball, 8RS)
Batting: RHB Dave Parker 0-0: Ground out 6-3 (Groundball, 6)
Batting: LHB Luis González 0-0: Ball
1-0: Foul Ball, location: 2F
1-1: Ball
2-1: Swinging Strike
2-2: Ground out U3 (Groundball, 23)
Top of the 8th over - 0 run(s), 0 hit(s), 0 error(s), 0 left on base; Kansas City 5 - Kalamazoo 1
BOTTOM OF THE 8TH
Kalamazoo Royale with Cheese batting - Pitching for Kansas City Kings : LHP Ignacio Colón
Batting: LHB Roberto Sandoval 0-0: Foul Ball, location: 2F
0-1: DOUBLE (Flyball, 89XD)
Batting: LHB Greg Schultz 0-0: SINGLE (Groundball, 4MD)
Roberto Sandoval to third
Runner from 3rd tries for Home, SAFE, no throw
Pitching: LHP Manuel Parra
Batting: LHB Bill McJannett 0-0: Ball
1-0: Ball
2-0: Foul Ball, location: 2F
2-1: Foul Ball, location: 2F
2-2: Ball
Passed Ball!
Greg Schultz to second
3-2: Strikes out looking
Pitching: RHP Nick Parks
Batting: RHB Jorge Márquez 0-0: Called Strike
0-1: Ball
1-1: Foul Ball, location: 2F
1-2: Ball
2-2: Ground out 6-3 (Groundball, 6S)
Greg Schultz to third
Batting: SHB Jack Fountain 0-0: DOUBLE (Line Drive, 7LM)
Greg Schultz scores
Batting: LHB Tom Blake 0-0: Ball
1-0: Foul Ball, location: 2F
1-1: Ball
2-1: Ball
3-1: SINGLE (Groundball, 56D)
Jack Fountain to third
Runner from 3rd tries for Home, throw and OUT!
Bottom of the 8th over - 2 run(s), 4 hit(s), 0 error(s), 1 left on base; Kansas City 5 - Kalamazoo 3
TOP OF THE 9TH
Kansas City Kings batting - Pitching for Kalamazoo Royale with Cheese : LHP Terry Klassen
Batting: LHB Ron Crawford 0-0: Ball
1-0: Foul Ball, location: 2F
1-1: Ball
2-1: Ball
3-1: Called Strike
3-2: Strikes out looking
Batting: RHB Oliver Lugo 0-0: Called Strike
0-1: Ball
1-1: Ball
2-1: Swinging Strike
2-2: Foul Ball, location: 2F
2-2: Ball
3-2: Strikes out swinging
Batting: RHB Chris Chandler 0-0: Called Strike
0-1: Ground out 6-3 (Groundball, 6)
Top of the 9th over - 0 run(s), 0 hit(s), 0 error(s), 0 left on base; Kansas City 5 - Kalamazoo 3
BOTTOM OF THE 9TH
Kalamazoo Royale with Cheese batting - Pitching for Kansas City Kings : RHP Nick Parks
Pitching: RHP Alberto Bonilla
Batting: LHB Doyle Otterburn 0-0: Ball
1-0: Called Strike
1-1: Ball
2-1: Ball
3-1: Called Strike
3-2: Foul Ball, location: 2F
3-2: Base on Balls
Batting: RHB Andy Aiton 0-0: SINGLE (Flyball, 8LS)
Doyle Otterburn to second
Batting: LHB Donovan Bird 0-0: Called Strike
0-1: Ball
1-1: Ball
2-1: Ball
3-1: Base on Balls
Doyle Otterburn to third
Andy Aiton to second
Batting: LHB Roberto Sandoval 0-0: SINGLE (Line Drive, 4)
Doyle Otterburn scores
Andy Aiton to third
Donovan Bird to second
Batting: LHB Greg Schultz 0-0: Called Strike
0-1: Foul Ball, location: 2F
0-2: Ball
1-2: Strikes out swinging
Batting: LHB Bill McJannett 0-0: Ball
1-0: Called Strike
1-1: Ball
2-1: Swinging Strike
2-2: Ball
3-2: Strikes out swinging
Batting: RHB Jorge Márquez 0-0: Ball
1-0: Foul Ball, location: 2F
1-1: Called Strike
1-2: Foul Ball, location: 2F
1-2: Fielders Choice at 2nd, 6-4 (Groundball, 6)
Bottom of the 9th over - 1 run(s), 2 hit(s), 0 error(s), 2 left on base; Kansas City 5 - Kalamazoo 4
Tuesday, August 8th, 2017 - OOTP Baseball 17.12 Build 75